[Event "Titled Tuesday Blitz May 10 Early 2022"]
[White "Shimanov, Aleksandr"]
[Black "Lewicki, Miroslaw"]
[WhiteFideId "4198603"]
[BlackFideId "1113380"]
[WhiteElo "2605"]
[BlackElo "2283"]
[Result "0-1"]
[Round "01"]
[TimeControl "180+1"]
[Date "2022.05.10"]
[WhiteClock "0:00:10"]
[BlackClock "0:00:11"]

1. e4 c5 2. Nf3 d6 3. Bc4 Nf6 4. d3 e6 5. O-O Be7 6. Bb3 O-O 7. c3 Nc6 8. Re1 a6 9. Nbd2 b5 10. Nf1 Bb7 11. Ng3 Rc8 12. a3 Ne5 13. Bc2 Qc7 14. Bf4 Rfd8 15. h3 Ng6 16. Bd2 h6 17. Rc1 a5 18. Qe2 Qb6 19. Be3 b4 20. Nd2 Ba6 21. f4 bxc3 22. bxc3 Qb2 23. c4 Qxa3 24. Ra1 Qc3 25. Nb3 d5 26. cxd5 c4 27. Nc1 Qxa1 28. d4 Qc3 29. f5 exf5 30. Nxf5 Bb4 31. Rf1 Re8 32. Na2 Qb2 33. Nxb4 axb4 34. Nd6 b3 35. Nxc8 Rxc8 36. Rc1 bxc2 37. Rxc2 Qb1+ 38. Kh2 Nxe4 39. Bxh6 Qb8+ 40. Kg1 Ng3 41. Qg4 Qb1+ 42. Rc1 Qe4 43. Qxg3 gxh6 44. d6 Qxd4+ 45. Kh1 Rd8 46. Re1 Qxd6 47. Qe3 Qd4 48. Qxh6 c3 49. Re6 fxe6 50. Qxg6+ Kf8 51. Qh6+ Ke7 52. Qg5+ Kd7 53. Qa5 Qd1+ 54. Kh2 Qd6+ 55. Kh1 c2 56. Qa4+ Qc6 0-1


[Site "https://www.chess.com"]

[Event "Titled Tuesday Blitz May 10 Early 2022"]
[White "Shohat, Yotam"]
[Black "Kozak, Adam"]
[WhiteFideId "2813955"]
[BlackFideId "753246"]
[WhiteElo "2119"]
[BlackElo "2459"]
[Result "0-1"]
[Round "01"]
[TimeControl "180+1"]
[Date "2022.05.10"]
[WhiteClock "0:00:01"]
[BlackClock "0:00:14"]

1. e4 c5 2. Nf3 Nf6 3. Nc3 Nc6 4. Bb5 Qc7 5. O-O Nd4 6. Bd3 a6 7. Re1 e5 8. Nxd4 cxd4 9. Nd5 Nxd5 10. exd5 d6 11. c3 dxc3 12. dxc3 Bd7 13. f4 O-O-O 14. Kh1 f5 15. Be3 g5 16. fxe5 dxe5 17. Bxg5 Re8 18. Bf6 Rg8 19. Qh5 e4 20. Qxh7 Be7 21. Bxe7 Rh8 22. d6 Rxh7 23. dxc7 Rhxe7 24. Bf1 Kxc7 25. Rad1 e3 26. Be2 Bc6 27. Bf3 Bxf3 28. gxf3 Rg8 29. Rg1 Rh8 30. Rg2 f4 31. Kg1 Rh3 32. Rf1 b5 33. Rg4 e2 34. Re1 Rxf3 35. Kg2 Ree3 36. h4 Kd6 37. Rxe2 Rg3+ 38. Rxg3 Rxg3+ 39. Kf2 Rh3 40. Re4 Rxh4 41. Kf3 Rh2 42. Rxf4 a5 43. Rd4+ Kc5 44. a4 b4 45. Ke3 Rxb2 46. Kd3 Rb3 47. Rc4+ Kd5 48. Rc8 Ra3 49. Rd8+ Ke6 50. Rc8 Kd7 51. Rc4 b3 52. Kd2 Ra1 53. Rc5 b2 0-1


[Site "https://www.chess.com"]

[Event "Titled Tuesday Blitz May 10 Early 2022"]
[White "Shtyka, Sergey"]
[Black "Ivanisevic, Ivan"]
[WhiteFideId "4138465"]
[BlackFideId "912417"]
[WhiteElo "2014"]
[BlackElo "2495"]
[Result "1-0"]
[Round "01"]
[TimeControl "180+1"]
[Date "2022.05.11"]
[WhiteClock "0:00:08"]
[BlackClock "0:00:01"]

1. e4 e5 2. Nf3 Nc6 3. Nc3 Nf6 4. Bb5 Nd4 5. Ba4 Bc5 6. d3 O-O 7. Nxd4 Bxd4 8. Be3 c6 9. Bxd4 exd4 10. Ne2 d5 11. exd5 Nxd5 12. O-O Bg4 13. Qd2 Qf6 14. Bb3 Rad8 15. Rae1 Rfe8 16. Bxd5 Rxd5 17. Nxd4 Rxe1 18. Rxe1 h5 19. c3 h4 20. h3 Bh5 21. Re8+ Kh7 22. Re4 c5 23. Ne2 g5 24. d4 c4 25. Qe3 Bg6 26. Re5 Rxe5 27. dxe5 Qf5 28. Nd4 Qb1+ 29. Kh2 Qxb2 30. e6 f6 31. e7 Be8 32. Qe4+ Kg8 33. Qe6+ Kg7 34. Nf5+ Kg6 35. Qg8+ Kxf5 36. Qxe8 Qxf2 37. Qb8 Qe3 38. e8=Q 1-0


[Site "https://www.chess.com"]

[Event "Titled Tuesday Blitz May 10 Early 2022"]
[White "Shukhman, Anna"]
[Black "Samunenkov, Ihor"]
[WhiteFideId "54180058"]
[BlackFideId "14187086"]
[WhiteElo "1726"]
[BlackElo "2409"]
[Result "1-0"]
[Round "01"]
[TimeControl "180+1"]
[Date "2022.05.11"]
[WhiteClock "0:00:08"]
[BlackClock "0:00:01"]

1. e4 c5 2. Nf3 Nc6 3. Bb5 g6 4. O-O Bg7 5. c3 e5 6. d4 cxd4 7. cxd4 exd4 8. Bf4 a6 9. Ba4 Nge7 10. Bd6 b5 11. Bb3 O-O 12. e5 Bb7 13. Re1 Na5 14. Nxd4 Nxb3 15. axb3 Re8 16. Nc3 Nc6 17. Nxc6 Bxc6 18. f4 Qb6+ 19. Kh1 Qb7 20. Qd2 Re6 21. Rad1 Rae8 22. Re2 f6 23. Rde1 fxe5 24. fxe5 a5 25. Ne4 Bxe4 26. Rxe4 Qc6 27. h3 a4 28. bxa4 bxa4 29. R4e3 Qb5 30. Qf2 Bxe5 31. Bxe5 Rxe5 32. Rxe5 Rxe5 33. Rf1 Qxf1+ 34. Qxf1 Rf5 35. Qc4+ d5 36. Qxa4 Kg7 37. Qd7+ Kh6 38. b4 Rf1+ 39. Kh2 Rb1 40. b5 d4 41. Qc6 d3 42. Qd5 Kg7 43. Qxd3 1-0


[Site "https://www.chess.com"]

[Event "Titled Tuesday Blitz May 10 Early 2022"]
[White "Shuvalov, Evgenij"]
[Black "Jumabayev, Rinat"]
[WhiteFideId "4187237"]
[BlackFideId "13702661"]
[WhiteElo "2053"]
[BlackElo "2561"]
[Result "0-1"]
[Round "01"]
[TimeControl "180+1"]
[Date "2022.05.10"]
[WhiteClock "0:00:01"]
[BlackClock "0:00:11"]

1. Nf3 Nf6 2. c4 b6 3. g3 Bb7 4. Bg2 g6 5. O-O c5 6. d4 cxd4 7. Qxd4 Bg7 8. Nc3 O-O 9. Qh4 d6 10. Rd1 Nbd7 11. Be3 Rc8 12. Rac1 a6 13. b3 Rc7 14. Bh3 Qa8 15. Nd4 Ne5 16. g4 Ne4 17. Nxe4 Bxe4 18. f4 Nc6 19. Qf2 Nb8 20. Nf3 b5 21. c5 Bb2 22. cxd6 Rxc1 23. Bxc1 Bxc1 24. Rxc1 exd6 25. Bg2 Re8 26. Qd4 Nc6 27. Qxd6 Qa7+ 28. Qc5 Qd7 29. Kf2 Qxg4 30. Rd1 Qxf4 31. Qd6 Qf5 32. Qd2 Ne5 33. Qg5 Ng4+ 34. Kg3 Qxg5 35. Nxg5 Ne3 36. Bxe4 Nxd1 37. Bb7 a5 38. Bc6 Re5 0-1


[Site "https://www.chess.com"]

[Event "Titled Tuesday Blitz May 10 Early 2022"]
[White "Silva, Kaua Marques"]
[Black "Nagy, Gabor"]
[WhiteFideId "22701168"]
[BlackFideId "737119"]
[WhiteElo "2071"]
[BlackElo "2569"]
[Result "0-1"]
[Round "01"]
[TimeControl "180+1"]
[Date "2022.05.11"]
[WhiteClock "0:00:04"]
[BlackClock "0:01:15"]

1. e4 g6 2. d4 Bg7 3. Nc3 d6 4. Be2 Nf6 5. Be3 Nc6 6. h4 e5 7. d5 Nd4 8. h5 Nxe2 9. Ngxe2 Nxh5 10. Qd2 Bd7 11. O-O-O Qe7 12. f3 O-O-O 13. g4 Nf4 14. Nxf4 exf4 15. Bxf4 Kb8 16. Kb1 Rde8 17. Bg5 Bxc3 18. bxc3 f6 19. Bh4 Qf7 20. Bf2 b6 21. Bd4 Rhf8 22. Rh6 f5 23. Rdh1 fxe4 24. Rxh7 Qxd5 25. Rxd7 Qb5+ 26. Kc1 Qxd7 27. fxe4 Rxe4 28. g5 Rfe8 29. Qd3 Kb7 30. Kb2 Qf5 31. Bf6 Rf4 32. Rh7 Qxd3 33. cxd3 Re2+ 34. Kb3 a5 35. a4 Rff2 36. Bd8 d5 37. Rxc7+ Ka6 38. c4 d4 39. c5 Rb2+ 40. Kc4 Rfc2+ 41. Kxd4 Rb4+ 42. Ke3 Rxc5 43. Rg7 Rxa4 44. Rxg6 Rb4 45. d4 Rc3+ 46. Ke4 Rcc4 47. Rd6 a4 48. Bf6 a3 49. Kf5 a2 50. d5 Rf4+ 51. Kg6 Rxf6+ 52. gxf6 a1=Q 53. f7 Rg4+ 54. Kf5 Qd4 55. Ke6 Rg6+ 56. Ke7 Qh4+ 57. Ke8 Rxd6 58. f8=Q Qd8+ 0-1


[Site "https://www.chess.com"]

[Event "Titled Tuesday Blitz May 10 Early 2022"]
[White "Silvestre, Christian"]
[Black "Melikyan, Gnel"]
[WhiteFideId "30956269"]
[BlackFideId "54109990"]
[WhiteElo "2376"]
[BlackElo "1772"]
[Result "0-1"]
[Round "01"]
[TimeControl "180+1"]
[Date "2022.05.11"]
[WhiteClock "0:00:13"]
[BlackClock "0:00:16"]

1. Nf3 Nf6 2. d4 g6 3. g3 Bg7 4. Bg2 O-O 5. O-O d6 6. c4 c6 7. Nc3 Qb6 8. Qb3 Na6 9. Qxb6 axb6 10. b3 Nb4 11. Bb2 c5 12. a3 Nc2 13. Rac1 Nxd4 14. Nxd4 cxd4 15. Nb5 Nd7 16. Rfd1 Nc5 17. Nxd4 Nxb3 18. Rc2 Nxd4 19. Bxd4 Bxd4 20. Rxd4 Rxa3 21. f4 Rb3 22. Rd3 Rb4 23. Bd5 Rd8 24. Rdd2 Be6 25. Rb2 Rxb2 26. Rxb2 Bxd5 27. cxd5 Rc8 28. Rxb6 Rc7 29. Kf2 f5 30. Kf3 Kf7 31. e3 Kf6 32. h3 h5 33. g4 hxg4+ 34. hxg4 fxg4+ 35. Kxg4 Rc5 36. e4 Rc4 37. Kf3 Rc3+ 38. Kg4 Re3 39. Rb4 Kf7 40. f5 Kf6 41. fxg6 Kxg6 42. Kf4 Ra3 43. Rxb7 Kf6 44. Rb2 Ra1 45. Rf2 Re1 46. Rf3 Re2 47. Rh3 Rg2 48. Ke3 Rg5 49. Kd4 Rg4 50. Re3 Kg5 51. Rf3 Rf4 52. Rg3+ Kf6 53. Rh3 Rf1 54. Rh6+ Kf7 55. Re6 Rf6 56. Rxf6+ Kxf6 57. Kd3 Kg5 58. Ke3 Kg4 59. Kd4 Kf4 60. Kd3 Kg4 61. Kd4 Kf3 62. Kd3 Kf2 63. Kd4 Ke2 64. e5 Kf3 65. exd6 exd6 66. Kc4 Ke4 67. Kc3 Ke5 68. Kd3 Kxd5 69. Kc3 Ke4 70. Kd2 Kd4 71. Ke1 Ke3 72. Kd1 d5 73. Kc2 d4 74. Kd1 Kd3 75. Ke1 Kc2 76. Ke2 d3+ 77. Ke3 d2 78. Ke4 d1=Q 79. Ke5 Kd3 80. Ke6 Ke4 81. Kf6 Qd6+ 82. Kf7 Kf5 83. Ke8 Qc7 84. Kf8 Kf6 85. Kg8 Qg7# 0-1


[Site "https://www.chess.com"]

[Event "Titled Tuesday Blitz May 10 Early 2022"]
[White "Skliarov, Viktor"]
[Black "Kashefi, Amir Hosein"]
[WhiteFideId "14106736"]
[BlackFideId "12557935"]
[WhiteElo "2229"]
[BlackElo "2005"]
[Result "1-0"]
[Round "01"]
[TimeControl "180+1"]
[Date "2022.05.11"]
[WhiteClock "0:00:15"]
[BlackClock "0:00:16"]

1. e4 c5 2. Nf3 g6 3. c3 Bg7 4. d4 cxd4 5. cxd4 d5 6. e5 Nc6 7. Nc3 Nh6 8. Bb5 O-O 9. O-O Bg4 10. Bxc6 bxc6 11. h3 Bxf3 12. Qxf3 Nf5 13. Rd1 e6 14. g4 Nh4 15. Qg3 g5 16. f4 h6 17. Na4 f6 18. Nc5 fxe5 19. dxe5 Qb6 20. Qf2 Ng6 21. Nxe6 Qxf2+ 22. Kxf2 Rf7 23. Nxg7 Kxg7 24. f5 Nxe5 25. Be3 Nc4 26. Bd4+ Kg8 27. b3 Nd6 28. Rac1 Rc8 29. Kf3 Ne4 30. Bg1 a5 31. Rxd5 cxd5 32. Rxc8+ Rf8 33. Rxf8+ Kxf8 34. Bb6 a4 35. bxa4 Nd2+ 36. Ke2 Nc4 37. a5 Nxb6 38. axb6 1-0


[Site "https://www.chess.com"]

[Event "Titled Tuesday Blitz May 10 Early 2022"]
[White "Sokolovsky, Yahli"]
[Black "Keller, Peter"]
[WhiteFideId "2820242"]
[BlackFideId "1272105"]
[WhiteElo "1770"]
[BlackElo "2275"]
[Result "0-1"]
[Round "01"]
[TimeControl "180+1"]
[Date "2022.05.11"]
[WhiteClock "0:00:03"]
[BlackClock "0:00:10"]

1. b3 d5 2. Bb2 Bf5 3. e3 e6 4. Nf3 h6 5. d4 Nf6 6. Bd3 Bxd3 7. Qxd3 Nbd7 8. O-O c6 9. Nbd2 Be7 10. Ne5 Nxe5 11. dxe5 Nd7 12. f4 g6 13. Kh1 h5 14. e4 Nc5 15. Qe2 Nxe4 16. Nxe4 dxe4 17. Rad1 Qa5 18. Qxe4 Qxa2 19. Bd4 Qa5 20. Ra1 Qc7 21. Bxa7 b6 22. Qa4 O-O 23. Qa6 Bc5 24. Rfd1 Rfd8 25. Rxd8+ Qxd8 26. Qb7 b5 27. h3 Rxa7 28. Rxa7 Qd1+ 29. Kh2 Qg1+ 30. Kg3 Bxa7 31. Qxa7 Qxa7 0-1


[Site "https://www.chess.com"]

[Event "Titled Tuesday Blitz May 10 Early 2022"]
[White "Soucek, Petr"]
[Black "Hnydiuk, Aleksander"]
[WhiteFideId "23715170"]
[BlackFideId "1109057"]
[WhiteElo "1979"]
[BlackElo "2374"]
[Result "0-1"]
[Round "01"]
[TimeControl "180+1"]
[Date "2022.05.11"]
[WhiteClock "0:00:03"]
[BlackClock "0:01:26"]

1. e4 Nf6 2. e5 Nd5 3. c4 Nb6 4. d4 d6 5. d5 dxe5 6. Nf3 e6 7. Nc3 exd5 8. cxd5 Bb4 9. Bc4 O-O 10. Bb3 Bg4 11. h3 Bh5 12. g4 Bg6 13. O-O N8d7 14. Re1 e4 15. Nd4 Nc5 16. Bd2 Nd3 17. Rxe4 Bxc3 18. Bxc3 Bxe4 19. f3 Qh4 20. Kg2 Nf4+ 0-1


[Site "https://www.chess.com"]

[Event "Titled Tuesday Blitz May 10 Early 2022"]
[White "Srihari L R"]
[Black "Mortazavi, Ali"]
[WhiteFideId "46617116"]
[BlackFideId "401323"]
[WhiteElo "2121"]
[BlackElo "2339"]
[Result "0-1"]
[Round "01"]
[TimeControl "180+1"]
[Date "2022.05.11"]
[WhiteClock "0:01:55"]
[BlackClock "0:01:23"]

1. c4 Nf6 2. Nc3 g6 3. g3 d6 4. Bg2 Bg7 5. d4 O-O 6. e3 Nbd7 7. Nge2 e5 8. O-O Re8 9. dxe5 dxe5 10. b3 c6 11. Ba3 Qa5 12. Bb2 e4 13. a3 Qf5 14. Nd4 Qg5 15. b4 Ne5 16. Nxe4 Nxe4 17. Bxe4 Nxc4 18. Nf3 Nxb2 19. Nxg5 Nxd1 20. Raxd1 f6 21. Nf3 Rxe4 22. Rd8+ Kf7 23. Rfd1 Re8 24. Rxe8 Kxe8 25. Nd4 Ke7 26. f3 f5 27. Nb3 b6 28. Kf2 Be6 29. Nd2 Rd8 30. Ke2 Bc3 0-1


[Site "https://www.chess.com"]

[Event "Titled Tuesday Blitz May 10 Early 2022"]
[White "Starozhilov, Leonid"]
[Black "Rodchenkov, Sergey D."]
[WhiteFideId "14106752"]
[BlackFideId "4168712"]
[WhiteElo "2414"]
[BlackElo "2306"]
[Result "1-0"]
[Round "01"]
[TimeControl "180+1"]
[Date "2022.05.11"]
[WhiteClock "0:00:39"]
[BlackClock "0:01:28"]

1. e4 c5 2. Nf3 d6 3. Bb5+ Nd7 4. O-O a6 5. Bxd7+ Bxd7 6. c3 Nf6 7. Re1 e6 8. d4 Be7 9. Bg5 O-O 10. Nbd2 Ne8 11. Bf4 cxd4 12. cxd4 Rc8 13. Qb3 Qc7 14. h3 Qb8 15. Rac1 Nc7 16. Nc4 Ne8 17. Nb6 Rxc1 18. Rxc1 Bc6 19. d5 exd5 20. exd5 Bb5 21. a4 Bd8 22. Rc8 Qa7 23. Rxd8 Qxb6 24. Rc8 Nf6 25. Rxf8+ Kxf8 26. axb5 axb5 27. Qb4 Nxd5 28. Qxd6+ Qxd6 29. Bxd6+ Ke8 30. Kf1 Kd7 31. Be5 f6 32. Bd4 Kd6 33. g3 Nb4 34. Ke2 Kd5 35. Bc3 Na2 36. Kd3 Nc1+ 37. Kc2 Ne2 38. Kd2 Nxc3 39. Kxc3 Kc5 40. b4+ Kc6 41. Kd4 Kb6 42. Kd5 Ka6 43. Nd4 b6 44. Kc6 Ka7 45. Nxb5+ Ka6 46. Nd4 g5 47. g4 h5 48. f3 hxg4 49. fxg4 b5 50. Nxb5 f5 51. Nc7+ Ka7 52. gxf5 g4 53. hxg4 Kb8 54. Nd5 Kc8 55. g5 Kd8 56. g6 Ke8 57. f6 Kf8 58. b5 Kg8 59. b6 Kf8 60. b7 Ke8 61. Nf4 Kd8 62. Nh3 Ke8 63. Nf2 Kf8 64. Nh1 Ke8 65. b8=Q# 1-0


[Site "https://www.chess.com"]

[Event "Titled Tuesday Blitz May 10 Early 2022"]
[White "Stoleriu, George"]
[Black "Legenia, Artem"]
[WhiteFideId "1227505"]
[BlackFideId "14136945"]
[WhiteElo "2194"]
[BlackElo "1936"]
[Result "0-1"]
[Round "01"]
[TimeControl "180+1"]
[Date "2022.05.11"]
[WhiteClock "0:00:13"]
[BlackClock "0:00:12"]

1. e4 Nf6 2. e5 Nd5 3. c4 Nb6 4. d4 d6 5. f4 dxe5 6. fxe5 Nc6 7. Be3 Bf5 8. Nc3 e6 9. Be2 Bb4 10. Nf3 Bxc3+ 11. bxc3 O-O 12. O-O Bg4 13. a4 Na5 14. Nd2 Bf5 15. Qe1 c5 16. d5 Bg6 17. Bxc5 Re8 18. d6 Rc8 19. Qf2 Nc6 20. Bd4 Qg5 21. Nf3 Qd8 22. Bxb6 axb6 23. Rfb1 Bxb1 24. Rxb1 f6 25. Qxb6 Nxe5 26. Nxe5 fxe5 27. Qxb7 Qxd6 28. Qe4 Qc5+ 29. Kh1 Rf8 30. Bd3 g6 31. h3 Rb8 32. Rb5 Rxb5 33. axb5 Rf4 34. Qe2 Rf2 35. Qg4 Qd6 36. Be4 Kf7 37. Kh2 Rf4 38. Qe2 Qc5 39. Kg3 h5 40. h4 Qe7 41. Kh2 Qxh4+ 42. Kg1 Rxe4 43. Qf3+ Rf4 44. Qb7+ Kf6 45. b6 Qf2+ 0-1


[Site "https://www.chess.com"]

[Event "Titled Tuesday Blitz May 10 Early 2022"]
[White "Stribuk, Artiom"]
[Black "Stepanencu, Nicodim-Cosmin"]
[WhiteFideId "13515659"]
[BlackFideId "1256220"]
[WhiteElo "2259"]
[BlackElo "1945"]
[Result "1-0"]
[Round "01"]
[TimeControl "180+1"]
[Date "2022.05.11"]
[WhiteClock "0:00:49"]
[BlackClock "0:00:02"]

1. d4 e6 2. c4 Nf6 3. Nc3 d5 4. cxd5 exd5 5. Bg5 Be7 6. e3 O-O 7. Bd3 h6 8. Bh4 Re8 9. h3 Ne4 10. Bxe7 Rxe7 11. Bxe4 dxe4 12. Nge2 b6 13. O-O Nd7 14. Ng3 Nf6 15. Qa4 Bb7 16. Rfd1 Nd5 17. Rac1 Nxc3 18. Rxc3 Qd5 19. Rdc1 c6 20. a3 a5 21. Qc4 Qd7 22. Qb3 Qd8 23. Qc2 Qe8 24. Nf5 Rd7 25. Rb3 b5 26. Rc3 Rd5 27. Ng3 f5 28. Rc5 Qe6 29. Rxd5 cxd5 30. Qd2 Rc8 31. Rxc8+ Qxc8 32. Qxa5 Qc1+ 33. Kh2 Qxb2 34. Qd8+ Kh7 35. Qd7 Ba8 36. Nxf5 1-0


[Site "https://www.chess.com"]

[Event "Titled Tuesday Blitz May 10 Early 2022"]
[White "Subelj, Jan"]
[Black "Marin Ramirez, Gerardo"]
[WhiteFideId "14618583"]
[BlackFideId "3901068"]
[WhiteElo "2328"]
[BlackElo "1920"]
[Result "1-0"]
[Round "01"]
[TimeControl "180+1"]
[Date "2022.05.11"]
[WhiteClock "0:00:22"]
[BlackClock "0:00:02"]

1. Nf3 d5 2. g3 c6 3. c4 Nf6 4. Bg2 Bf5 5. Qb3 Qb6 6. d3 e6 7. Be3 Bb4+ 8. Nbd2 c5 9. a3 Ba5 10. Qxb6 Bxb6 11. Nh4 Bg6 12. Nxg6 hxg6 13. cxd5 Nxd5 14. Nc4 Nxe3 15. fxe3 Nc6 16. b4 cxb4 17. axb4 Bc7 18. b5 Nd8 19. b6 Bb8 20. Kd2 a6 21. Na5 Bd6 22. Nxb7 Bb4+ 23. Kd1 Rb8 24. Nxd8 Kxd8 25. Rxa6 Ke7 26. b7 Rhd8 27. Ra8 Bc5 28. Rxb8 Rxb8 29. Kd2 Kd6 30. Rb1 e5 31. g4 1-0


[Site "https://www.chess.com"]

[Event "Titled Tuesday Blitz May 10 Early 2022"]
[White "Suder, Jakub"]
[Black "Valle Maytin, Luis Enrique"]
[WhiteFideId "1195310"]
[BlackFideId "3503666"]
[WhiteElo "2058"]
[BlackElo "2287"]
[Result "1-0"]
[Round "01"]
[TimeControl "180+1"]
[Date "2022.05.11"]
[WhiteClock "0:01:14"]
[BlackClock "0:01:33"]

1. d4 Nf6 2. c4 e6 3. Nc3 Bb4 4. f3 O-O 5. a3 Bxc3+ 6. bxc3 c5 7. e4 b6 8. Bd3 Ba6 9. f4 Nc6 10. Nf3 d5 11. e5 dxc4 12. Bc2 Nd5 13. Bxh7+ Kh8 14. Ng5 g6 15. Qg4 Qe7 16. h4 f5 17. Qf3 cxd4 18. h5 Kg7 19. hxg6 Rh8 20. Qh5 Kf8 21. g7+ Qxg7 22. Nxe6+ Ke7 23. Nxg7 Nxc3 24. Nxf5+ Ke6 25. Qg6+ Kd5 26. Qd6+ Ke4 27. Ng3# 1-0


[Site "https://www.chess.com"]

[Event "Titled Tuesday Blitz May 10 Early 2022"]
[White "Sychev, Klementy"]
[Black "Mammadzada, Gunay"]
[WhiteFideId "4114060"]
[BlackFideId "13403729"]
[WhiteElo "2564"]
[BlackElo "2242"]
[Result "1-0"]
[Round "01"]
[TimeControl "180+1"]
[Date "2022.05.10"]
[WhiteClock "0:02:09"]
[BlackClock "0:00:02"]

1. e4 c5 2. g3 d6 3. Bg2 g6 4. Ne2 Bg7 5. c3 Nc6 6. d4 cxd4 7. cxd4 e6 8. Nbc3 Nge7 9. O-O O-O 10. Bg5 h6 11. Be3 Kh7 12. Qd2 d5 13. h4 dxe4 14. Bxe4 Nf5 15. h5 Nxe3 16. hxg6+ fxg6 17. fxe3 Ne7 18. Nf4 Nf5 19. Bc2 Qg5 20. Ne4 Qe7 21. Kg2 Bd7 22. g4 Bc6 23. gxf5 gxf5 24. d5 exd5 25. Ng3 d4+ 26. Kf2 dxe3+ 27. Qxe3 Qg5 28. Ne6 Qxe3+ 29. Kxe3 Rae8 30. Rxf5 Rxe6+ 31. Re5+ Rg6 32. Rg1 Rf3+ 33. Ke2 1-0


[Site "https://www.chess.com"]

[Event "Titled Tuesday Blitz May 10 Early 2022"]
[White "Taboas Rodriguez, Daniel"]
[Black "Xiong, Jeffery"]
[WhiteFideId "2208466"]
[BlackFideId "2047640"]
[WhiteElo "2429"]
[BlackElo "2727"]
[Result "0-1"]
[Round "01"]
[TimeControl "180+1"]
[Date "2022.05.10"]
[WhiteClock "0:01:24"]
[BlackClock "0:02:24"]

1. d4 Nf6 2. Nf3 d5 3. c4 e6 4. Bg5 dxc4 5. e4 b5 6. a4 c6 7. Nc3 a6 8. axb5 cxb5 9. Nxb5 axb5 10. Rxa8 Bb7 11. Ra1 h6 12. Bxf6 Bb4+ 13. Nd2 Qxf6 14. e5 Qf4 15. Qc2 Qxd4 16. Be2 Be4 17. Qc1 O-O 0-1


[Site "https://www.chess.com"]

[Event "Titled Tuesday Blitz May 10 Early 2022"]
[White "Tania, Sachdev"]
[Black "Carlsen, Magnus"]
[WhiteFideId "5007844"]
[BlackFideId "1503014"]
[WhiteElo "2280"]
[BlackElo "2832"]
[Result "0-1"]
[Round "01"]
[TimeControl "180+1"]
[Date "2022.05.10"]
[WhiteClock "0:00:07"]
[BlackClock "0:02:01"]

1. d4 b6 2. c4 Bb7 3. Nf3 e6 4. g3 Bb4+ 5. Bd2 Bxf3 6. exf3 Bxd2+ 7. Qxd2 d5 8. Nc3 Ne7 9. cxd5 exd5 10. Bb5+ c6 11. Bd3 O-O 12. O-O Nd7 13. Rfe1 Re8 14. Rac1 Nf8 15. f4 Qd7 16. Bf1 Rad8 17. b4 b5 18. a4 a6 19. Qd3 Nc8 20. Nb1 Nb6 21. axb5 axb5 22. Nd2 Qd6 23. Rxe8 Rxe8 24. Nf3 Nc4 25. Qc3 Ra8 26. Ne5 g6 27. f5 gxf5 28. Nxc4 dxc4 29. Qf3 Qd5 30. Qf4 Ne6 31. Qh4 Qxd4 32. Qh3 Ra2 33. Qxf5 Qd5 34. Qg4+ Qg5 35. Qxg5+ Nxg5 36. Bg2 Rb2 37. Bxc6 Nh3+ 38. Kg2 Nxf2 39. Kf3 Nd3 40. Ra1 Ne5+ 0-1


[Site "https://www.chess.com"]

[Event "Titled Tuesday Blitz May 10 Early 2022"]
[White "Tatarinov, Dmitry"]
[Black "Tymrakiewicz, Rafal"]
[WhiteFideId "24160067"]
[BlackFideId "1108832"]
[WhiteElo "2302"]
[BlackElo "2205"]
[Result "0-1"]
[Round "01"]
[TimeControl "180+1"]
[Date "2022.05.11"]
[WhiteClock "0:01:25"]
[BlackClock "0:01:22"]

1. d4 Nf6 2. c4 g6 3. Nf3 Bg7 4. g3 O-O 5. Bg2 d6 6. O-O Nc6 7. Nc3 Bg4 8. d5 Bxf3 9. exf3 Na5 10. Qe2 c5 11. Bd2 a6 12. Rfe1 Nd7 13. Qxe7 Nxc4 14. Bg5 Qxe7 15. Bxe7 Rfe8 16. Rac1 Nde5 17. Bf1 Nxf3+ 18. Kg2 Nxe1+ 19. Rxe1 Nxb2 20. Na4 Nxa4 0-1


[Site "https://www.chess.com"]

[Event "Titled Tuesday Blitz May 10 Early 2022"]
[White "Thomas, Anysia"]
[Black "Bellissimo, Joseph F."]
[WhiteFideId "670472"]
[BlackFideId "2609843"]
[WhiteElo "2002"]
[BlackElo "2061"]
[Result "0-1"]
[Round "01"]
[TimeControl "180+1"]
[Date "2022.05.11"]
[WhiteClock "0:00:04"]
[BlackClock "0:01:21"]

1. d4 Nf6 2. c4 e6 3. Nf3 d5 4. g3 Bb4+ 5. Nbd2 O-O 6. Bg2 c5 7. cxd5 cxd4 8. Nxd4 Nxd5 9. O-O b6 10. N2f3 Bb7 11. Bg5 Be7 12. Bxe7 Qxe7 13. Rc1 Na6 14. a3 Rac8 15. Ne5 Qd6 16. f4 Ne3 17. Bxb7 Nxd1 18. Rcxd1 Nc5 19. Bxc8 Rxc8 20. Ndc6 Qc7 21. b4 f6 22. bxc5 fxe5 23. Nxe5 Qxc5+ 24. Kg2 h6 25. Rf3 Qc2 26. Re1 Rc3 27. Rf2 Rxa3 28. e4 Qc5 29. Ree2 Ra1 30. Rc2 Qd4 31. Rc8+ Kh7 32. Nf3 Qxe4 33. h4 Qb1 0-1


[Site "https://www.chess.com"]

[Event "Titled Tuesday Blitz May 10 Early 2022"]
[White "Todorovic, Bojan"]
[Black "Martic, Ivan"]
[WhiteFideId "917087"]
[BlackFideId "929301"]
[WhiteElo "2266"]
[BlackElo "2317"]
[Result "1/2-1/2"]
[Round "01"]
[TimeControl "180+1"]
[Date "2022.05.11"]
[WhiteClock "0:00:09"]
[BlackClock "0:00:20"]

1. d4 d5 2. c4 c6 3. Nf3 Nf6 4. e3 Bg4 5. Nc3 e6 6. Qb3 Qb6 7. Ne5 Bh5 8. Bd2 Nbd7 9. Nxd7 Nxd7 10. Bd3 Be7 11. O-O O-O 12. Rac1 Qxb3 13. axb3 f5 14. Ne2 g5 15. f3 a6 16. Ra1 h6 17. b4 Nb6 18. b3 Nd7 19. b5 axb5 20. cxb5 c5 21. Rfc1 Rfc8 22. Nc3 Rxa1 23. Rxa1 cxd4 24. exd4 Bb4 25. Nxd5 Bf8 26. Ne3 Bg7 27. Ra4 Nb6 28. Bc4 Kf7 29. Nxf5 Bxd4+ 30. Kf1 Bc5 31. Ra7 Nxc4 32. Rxb7+ Kf6 33. bxc4 exf5 34. Bc3+ Ke6 35. Rh7 Bf7 36. Rxh6+ Ke7 37. Bf6+ Kd7 38. Rh7 Ke6 39. Bxg5 Bd4 40. Rh6+ Kd7 41. Rh7 Ke6 42. Rh6+ Kd7 43. Rh7 Rf8 44. Bh6 Ke8 45. Bxf8 Bxc4+ 46. Ke1 Kxf8 47. Rh4 Bc3+ 48. Kd1 Bxb5 49. Rf4 Bd7 50. g4 Kf7 51. Rxf5+ Bxf5 52. gxf5 Kf6 53. h4 Kxf5 54. h5 Bh8 55. h6 Kg5 56. h7 Kh6 57. f4 Kxh7 58. f5 Kg8 59. f6 Kf7 60. Ke2 Bxf6 1/2-1/2


[Site "https://www.chess.com"]

[Event "Titled Tuesday Blitz May 10 Early 2022"]
[White "Toncheva, Nadya"]
[Black "Yilmaz, Mustafa"]
[WhiteFideId "2924056"]
[BlackFideId "6302718"]
[WhiteElo "1888"]
[BlackElo "2568"]
[Result "0-1"]
[Round "01"]
[TimeControl "180+1"]
[Date "2022.05.11"]
[WhiteClock "0:00:02"]
[BlackClock "0:00:15"]

1. e4 c5 2. c3 Nf6 3. e5 Nd5 4. Nf3 e6 5. d4 cxd4 6. cxd4 b6 7. Bc4 Ba6 8. Nbd2 Be7 9. O-O O-O 10. Bxa6 Nxa6 11. Ne4 Nac7 12. Qe2 f6 13. Bd2 f5 14. Nc3 Qb8 15. Rac1 Qb7 16. Nxd5 Nxd5 17. Rc2 b5 18. Rfc1 a5 19. Ne1 a4 20. Nd3 Rfc8 21. Nc5 Bxc5 22. Rxc5 Rxc5 23. Rxc5 b4 24. Qc4 b3 25. a3 Qa6 26. Qxa6 Rxa6 27. Kf1 Kf7 28. Ke2 d6 29. Rc4 dxe5 30. dxe5 h6 31. Kd3 g5 32. h4 Kg6 33. hxg5 hxg5 34. Rc8 f4 35. f3 Kf5 36. Kd4 Kg6 37. Rd8 Ne7 38. Rd7 Nc6+ 39. Ke4 Ra8 40. Rd6 Nd8 41. Bb4 Kf7 42. Rd7+ Kg6 43. Re7 Rc8 44. Re8 Rc2 45. Rxd8 Rxb2 46. Rd6 Re2+ 47. Kd3 b2 48. Rxe6+ Kh5 49. Bf8 b1=Q+ 50. Kxe2 Qa2+ 51. Kd3 Qxe6 0-1


[Site "https://www.chess.com"]

[Event "Titled Tuesday Blitz May 10 Early 2022"]
[White "Vidonyak, Roman"]
[Black "Karacsonyi, Gellert"]
[WhiteFideId "14100622"]
[BlackFideId "764620"]
[WhiteElo "2396"]
[BlackElo "2187"]
[Result "0-1"]
[Round "01"]
[TimeControl "180+1"]
[Date "2022.05.11"]
[WhiteClock "0:00:03"]
[BlackClock "0:01:56"]

1. d4 Nf6 2. c4 e6 3. Nc3 Bb4 4. e3 O-O 5. Bd2 b6 6. Nf3 Bb7 7. Bd3 d6 8. O-O Nbd7 9. a3 Bxc3 10. Bxc3 Ne4 11. Qc2 f5 12. b4 Rf6 13. Bb2 Rg6 14. Rac1 Ng5 15. Nxg5 Qxg5 16. f3 Qxe3+ 17. Kh1 Nf6 18. Rce1 Qh6 19. c5 Nh5 20. c6 Ng3+ 21. Kg1 Nxf1 22. Rxf1 Bc8 23. Re1 Qg5 0-1


[Site "https://www.chess.com"]